 Dungeon Crawl Stone Soup version 0.24-b1-44-g37ad8b309f (webtiles) character file.

Game seed: 12790085889418510819, levelgen mode: deterministic

197 Mrkan the Skirmisher (level 5, -2/75 HPs)
             Began as a Draconian Monk on Oct 24, 2019.
             Slain by an ogre
             ... wielding a cursed +0 giant spiked club
              (15 damage)
             ... on level 4 of the Dungeon.
             The game lasted 00:09:57 (2928 turns).

Mrkan the Skirmisher (Draconian Monk)               Turns: 2928, Time: 00:09:57

Health: -2/75      AC:  6    Str: 19    XL:     5   Next: 46%
Magic:  5/5        EV: 13    Int: 11    God:
Gold:   165        SH:  0    Dex: 13    Spells: 4/4 levels left

rFire    . . .     SeeInvis .   a - +0 spear
rCold    . . .     Gourm    .   (no shield)
rNeg     . . .     Faith    .   (armour unavailable)
rPois    .         Spirit   .   (helmet restricted)
rElec    .         Reflect  .   g - +0 cloak
rCorr    .         Harm     .   (no gloves)
MR       .....                  (no boots)
Stlth    ..........             (no amulet)
HPRegen  0.22/turn              (no ring)
MPRegen  0.09/turn              (no ring)

@: berserking, flying, very quick
A: unfitting armour, cold-blooded, AC +5
a: no special abilities


You were on level 4 of the Dungeon.
You were not hungry.

You visited 1 branch of the dungeon, and saw 4 of its levels.

You collected 165 gold pieces.

Inventory:

Hand Weapons
 a - a +0 spear (weapon)
 p - a +0 hunting sling
 s - a +2 hunting sling of freezing
 y - the +7 quarterstaff of Skirmishing {drain, MR+ Int+3 Dex+3, unknown}
   (You found it on level 4 of the Dungeon)

   A truly terrible weapon, it drains the life of those it strikes.
   It affects your intelligence (+3).
   It affects your dexterity (+3).
   It affects your resistance to hostile enchantments.
Missiles
 n - 73 stones (quivered)
Armour
 g - a +0 cloak (worn)
 i - a +0 pair of gloves
Magical Staves
 w - an uncursed staff of energy {unknown}
Jewellery
 k - an uncursed amulet of the acrobat {unknown}
Scrolls
 e - 4 scrolls of identify {unknown}
 f - a scroll of magic mapping {unknown}
 l - 3 scrolls of remove curse {unknown}
 o - 4 scrolls of teleportation {unknown}
 r - a scroll of noise {unknown}
 t - a scroll of fog {unknown}
 u - 2 scrolls of enchant weapon {unknown}
 v - 3 scrolls of blinking {unknown}
Potions
 c - a potion of cancellation {unknown}
 d - a potion of flight
 h - a potion of might {unknown}
 j - a potion of lignification {unknown}
 m - a potion of haste {unknown}
Comestibles
 b - 4 rations
 x - 2 chunks of flesh


   Skills:
 * Level 5.9 Fighting
 + Level 4.3 Polearms
 - Level 2.6 Dodging
 - Level 1.7 Stealth


You had 4 spell levels left.
You didn't know any spells.
Your spell library was empty.

Dungeon Overview and Level Annotations

Branches:
Dungeon (4/15)
 Temple: D:4-7

Altars:
Kikubaaqudgha
Sif Muna
Vehumet
Xom


Innate Abilities, Weirdness & Mutations

Your plain brown scales are hard. (AC +5)
You cannot fit into any form of body armour.
You are cold-blooded and may be slowed by cold attacks.


Message History

Ouch! That really hurt!
The orc hits you but does no damage.
You hit the orc.
You kill the orc!
You barely miss the orc.
The ogre hits you with a cursed +0 giant spiked club!
* * * LOW HITPOINT WARNING * * *
It was a potion of flight.
You feel very buoyant.
You fly up into the air.
The orc misses you. The ogre misses you.
You hit the orc but do no damage.
Your tail-slap misses the orc.
The orc closely misses you.
It was a potion of berserk rage.
A red film seems to cover your vision as you go berserk!
You feel yourself moving faster!
You feel mighty! The ogre closely misses you. The orc misses you.
You puncture the orc!
You kill the orc!
The ogre hits you with a cursed +0 giant spiked club!
You die...

######.# #....# # #.#
#....#
######.########....#
................>..#
######.###.#####.#..(o..#
# .# #.# #.# #.######.# #
.## #.# #.# #.# # ..# #.#
#.# #)# # #.####.# #.#
#@# # .......# #.# #O# #
#......###.# #Z# ########
#........... #.# #.......
#.......... #.# #.#####.
#.......... #.# #.#.....
#.......... #.# ####
#.#.##.. #......###. #..
.....##.#.##.. ###.####
.!........##..


You could see an ogre and a ball python skeleton.

Vanquished Creatures
  Terence (D:3)
  An orc wizard (D:4)
  A hound skeleton (D:4)
  3 adders
  An ooze (D:1)
  An adder skeleton (D:4)
  A worm (D:2)
  4 dart slugs
  2 leopard geckos (D:2)
  12 orcs
  10 bats
  4 giant cockroaches
  9 goblins
  7 hobgoblins
  2 jackals (D:2)
  2 kobolds
  A quokka (D:3)
  4 frilled lizards
  8 rats
74 creatures vanquished.

Notes
Turn   | Place    | Note
-------+----------+-------------------------------------------
     0 | D:1      | Mrkan the Draconian Monk began the quest for the Orb.
     0 | D:1      | Reached XP level 1. HP: 19/19 MP: 1/1
    87 | D:1      | Reached XP level 2. HP: 27/27 MP: 2/2
   175 | D:1      | Reached skill level 4 in Fighting
   840 | D:1      | Reached XP level 3. HP: 32/33 MP: 3/3
  1700 | D:3      | Reached XP level 4. HP: 38/41 MP: 4/4
  1803 | D:3      | Reached skill level 5 in Fighting
  2069 | D:3      | Noticed Terence
  2112 | D:3      | Killed Terence
  2120 | D:3      | Found an ancient bone altar of Kikubaaqudgha.
  2123 | D:3      | Found a radiant altar of Vehumet.
  2123 | D:3      | Found a shimmering blue altar of Sif Muna.
  2126 | D:3      | Found a shimmering altar of Xom.
  2289 | D:4      | Noticed an ogre
  2478 | D:4      | Reached XP level 5. HP: 21/48 MP: 5/5
  2852 | D:4      | Got a faintly glowing quarterstaff
  2928 | D:4      | Slain by an ogre

Skill      XL: |  1  2  3  4 |
---------------+-------------+-----
Fighting       | 4 5 |  5.9
Polearms       | 4 |  4.3
Dodging        | |  2.6
Stealth        | |  1.7

Action                   |  1- 3 |  4- 6 || total
-------------------------+-------+-------++-------
Melee: Spear             |   135 |   189 ||   324
       Tailslap          |    12 |    24 ||    36
  Use: Potion            |       |     2 ||     2
 Stab: Sleeping          |     9 |     1 ||    10
  Eat: Chunk             |     3 |     4 ||     7
Armor: Skin              |    28 |    37 ||    65
Dodge: Dodged            |    76 |   137 ||   213
